 Dungeon Crawl Stone Soup version bcrawl-1.27.3 (webtiles) character file.

Game seed: 5526216495291454814

96756 hurricos the Chopper (level 2, 0/17 HPs)
             Began as a Skeleton Skald on Oct 10, 2020.
             Was a Follower of Makhleb.
             Slain by a ball python (1 damage)
             ... on level 2 of the Dungeon.
             The game lasted 00:01:00 (1022 turns).

hurricos the Chopper (Skeleton Skald)               Turns: 1022, Time: 00:01:00

Health: 0/17       AC:  3    Str: 16 (17) XL:     2   Next: 75%
Magic:  0/6        EV:  9    Int: 11      God:    Makhleb [*.....]
Gold:   75         SH:  0    Dex:  7 (8)  Spells: 6/7 levels left

rFire    . . .     SeeInvis .   a - +0 hand axe
rCold    + . .     Gourm    .   (no shield)
rNeg     + + +     Faith    .   b - +0 leather armour
rPois    ∞         Spirit   +   (no helmet)
rElec    .         Reflect  .   (no cloak)
rCorr    .         Harm     .   (no gloves)
MR       .....                  (no boots)
Stlth    +.........             (no amulet)
HPRegen  0.05/turn              (no ring)
MPRegen  0.10/turn              (no ring)

@: constricted
A: no food or potions, cold resistance 1, deterioration 1, negative energy
resistance 3, torment resistance, unbreathing, magic shield, sturdy frame 1,
spell healing
a: Renounce Religion


You were on level 2 of the Dungeon.
You worshipped Makhleb.
Makhleb was aware of your devotion.
You were not hungry.

You visited 1 branch of the dungeon, and saw 2 of its levels.

You collected 75 gold pieces.

Inventory:

Hand Weapons
 a - a +0 hand axe (weapon)
Missiles
 e - 2 throwing nets {=f}
Armour
 b - a +0 leather armour (worn)
Jewellery
 h - a +5 ring of protection {unknown}
Scrolls
 c - 3 scrolls of identify
 d - a scroll of fear


   Skills:
 - Level 2.0 Fighting
 + Level 4.1 Axes
 - Level 1.1 Armour
 - Level 2.0 Dodging
 - Level 3.0 Spellcasting
 - Level 3.2 Charms


You had 6 spell levels left.
You knew the following spells:

 Your Spells              Type           Power        Failure   Level  Hunger
a - Infusion              Chrm           #.......     7%          1    N/A

Your spell library contained the following spells:

 Spells                   Type           Power        Failure   Level  Hunger
 Song of Slaying          Chrm           #.......     11%         2    N/A
 Ozocubu's Armour         Chrm/Ice       #.......     38%         3    N/A
 Spectral Weapon          Hex/Chrm       #.......     38%         3    N/A
 Regeneration             Chrm/Necr      Unusable     N/A         3    N/A

Dungeon Overview and Level Annotations

Branches:
Dungeon (2/12)

Altars:
Makhleb


Innate Abilities, Weirdness & Mutations

You do not eat or drink.
You are immune to poison.
Your flesh is cold resistant. (rC+)
Your body sometimes deteriorates upon taking damage.
You are immune to negative energy. (rN+++)
You are immune to unholy pain and torment.
You can survive without breathing.
When hurt, damage is shared between your health and your magic reserves.
Your movements are slightly less encumbered by armour. (ER -2)
Casting spells heals you.


Message History

A ball python comes into view.
The kobold throws a stone.
The stone completely misses you.
You barely miss the ball python.
The ball python bites you but does no damage.
The ball python barely misses you.
You hit the ball python.
The ball python is severely wounded.
The ball python bites you but does no damage.
The ball python completely misses you. The ball python closely misses you.
The ball python grabs you.
* * * LOW HITPOINT WARNING * * *
The ball python constricts you.
You barely miss the ball python.
The ball python is severely wounded.
The ball python bites you but does no damage.
The ball python constricts you.
You barely miss the ball python.
The ball python is severely wounded.
You closely miss the kobold. The kobold hits you. The ball python bites you.
You die...

#..# *,,,,,,,,,,,,,,,> ###[.#
*.#****,,,,,***** #....# *.#
**,,,,,,,,, #.#.## *.# ****,*****
#g#.# ##.## *,* ** #.#.# ##...##
*,* *, #g#.# ##.....## *,* *,
#g#.# ##.......## *,* *, ###
#.#.###...@S....# ***,*****
..#####g#........K....# *,,,,,,,,
.......g..###.........#**,*,*****
..#...#.#.# ##..........,,,,,,,,,
.#_#.##.#.# ##.....####*,*,*****
..#g.##.#.# ##....# *,*,* *
.....#....#######.#.# *,*,* *
.#####.........#*[#.# *,*,** *
.#####...(#.....,.#.# *,,,,** *


You could see a ball python and a kobold.

Vanquished Creatures
  A ball python (D:1)
  5 goblins (D:1)
  4 hobgoblins (D:1)
  2 kobolds (D:1)
  3 bats (D:1)
  2 frilled lizards (D:1)
  A quokka skeleton (D:2)
  5 rats
23 creatures vanquished.

Notes
Turn   | Place    | Note
-------+----------+-------------------------------------------
     0 | D:1      | hurricos the Skeleton Skald began the quest for the Orb.
     0 | D:1      | Reached XP level 1. HP: 12/12 MP: 4/4
     6 | D:1      | Noticed a rime drake
     6 | D:1      | Noticed an anaconda
     6 | D:1      | Noticed a crocodile
     7 | D:1      | Noticed a redback
    46 | D:1      | Reached skill level 3 in Axes
    63 | D:1      | Reached XP level 2. HP: 15/17 MP: 4/6
   431 | D:1      | Reached skill level 4 in Axes
   951 | D:2      | Found a faded altar of an unknown god.
  1002 | D:2      | Became a worshipper of Makhleb the Destroyer
  1002 | D:2      | Reached * piety under Makhleb
  1022 | D:2      | Slain by a ball python

Skill      XL: |  1  2 |
---------------+-------+-----
Axes           | 3 4 |  4.1
Fighting       | |  2.0
Armour         | |  1.1
Dodging        | |  2.0
Spellcasting   | |  3.0
Charms         | |  3.2

Action                   || total
-------------------------++-------
Melee: Hand axe          ||    64
  Use: Scroll            ||     3
 Stab: Sleeping          ||     1
Armor: Leather armour    ||    14
Dodge: Dodged            ||    45
